Map: Echo LE (Void)

Players

Stats - Winner!

  • Race: Protoss Protoss
  • Spawn Location: 5:00

INnoVation

  • Race: Terran Terran
  • Spawn Location: 11:00

Event: IEM Season 11 - Gyeonggi

VOD

Have the link to the VOD?

Description

Time

  • Played on: Dec. 13, 2016, 8:21 p.m.
  • Length: 13:40

All games in this series

Show
View Real Time Build Order
Export as new Build Order

Stats Protoss - Winner!

Build Orders: 1 Gate Expand, Blink Stalkers, Colossus Rush 

Get SALT Encoding   

  12  0:00  Probe (Chrono Boost)  
  13  0:11  Probe (Chrono Boost)  
  14  0:16  Pylon  
  14  0:21  Probe (Chrono Boost)  
  15  0:35  Probe (Chrono Boost)  
  16  0:36  Gateway  
  16  0:41  Assimilator  
  16  0:45  Probe (Chrono Boost)  
  17  0:56  Probe (Chrono Boost)  
  18  1:06  Probe (Chrono Boost)  
  19  1:18  Nexus  
  19  1:27  Cybernetics Core  
  19  1:30  Probe (Chrono Boost)  
  20  1:35  Assimilator  
  20  1:41  Probe (Chrono Boost)  
  20  1:45  Pylon  
  21  1:51  Probe (Chrono Boost)  
  22  2:04  Mothership Core (Chrono Boost)  
  22  2:06  Warp Gate  
  24  2:10  Adept  
  26  2:22  Probe (Chrono Boost)  
  28  2:30  Probe (Chrono Boost)  
  28  2:32  Probe (Chrono Boost)  
  28  2:33  Robotics Facility  
  29  2:40  Probe (Chrono Boost)  
  29  2:43  Probe (Chrono Boost)  
  31  2:51  Twilight Council, Probe (Chrono Boost)  
  32  2:54  Probe (Chrono Boost)  
  33  3:01  Probe (Chrono Boost)  
  33  3:04  Probe (Chrono Boost)  
  35  3:08  Gateway  
  35  3:09  Gateway  
  35  3:12  Probe (Chrono Boost)  
  36  3:15  Probe (Chrono Boost)  
  37  3:20  Observer  
  37  3:22  Probe (Chrono Boost)  
  37  3:24  Blink (Chrono Boost), Pylon  
  37  3:25  Probe (Chrono Boost)  
  40  3:32  Probe  
  41  3:36  Probe  
  41  3:40  Assimilator  
  42  3:42  Pylon, Probe  
  42  3:46  Observer  
  44  3:49  Probe  
  44  3:53  Probe  
  46  3:59  Assimilator  
  46  4:01  Probe  
  47  4:03  Probe  
  47  4:09  Pylon, Stalker x2  
  52  4:11  Stalker  
  52  4:13  Probe  
  55  4:20  Probe  
  54  4:25  Probe  
  54  4:30  Warp Prism (Chrono Boost)  
  57  4:32  Probe  
  57  4:37  Probe  
  59  4:42  Stalker x2  
  59  4:43  Stalker  
  65  4:50  Pylon  
  65  4:59  Robotics Bay  
  65  5:02  Resonating Glaives  
  65  5:04  Pylon  
  65  5:10  Immortal (Chrono Boost)  
  69  5:21  Adept x3  
  75  5:32  Nexus  
  75  5:35  Pylon  
  75  5:45  Adept x2, Sentry  
  81  5:53  Colossus (Chrono Boost)  
  87  5:57  Pylon  
  87  6:04  Probe x2  
  87  6:07  Adept  
  87  6:08  Adept  
  93  6:16  Pylon  
  93  6:17  Adept  
  95  6:22  Pylon  
  95  6:24  Pylon  
  95  6:26  Probe x2  
  95  6:30  Extended Thermal Lance (Chrono Boost)  
  97  6:39  Colossus (Chrono Boost)  
  97  6:46  Adept x2  
  107  6:49  Adept  
  109  7:00  Probe x2  
  81  7:09  Stalker x2  
  81  7:10  Stalker  
  81  7:14  Probe  
  86  7:15  Probe x2  
  86  7:19  Colossus  
  88  7:29  Probe  
  90  7:30  Probe x2  
  90  7:32  Forge x2  
  90  7:36  Adept, Sentry  
  90  7:37  Adept  
  99  7:43  Pylon  
  99  7:44  Probe  
  99  7:45  Pylon, Probe x2  
  102  7:53  Gateway  
  102  7:54  Gateway  
  102  7:55  Gateway  
  102  8:00  Adept x2  
  102  8:05  Sentry  
  108  8:09  Colossus  
  108  8:10  Probe  
  108  8:11  Probe x2  
  113  8:20  Protoss Ground Weapons Level 1 (Chrono Boost), Protoss Ground Armor Level 1 (Chrono Boost)  
  113  8:30  Stalker x3  
  116  8:35  Assimilator  
  116  8:37  Assimilator  
  116  8:39  Gateway  
  113  8:42  Gateway  
  113  8:43  Pylon  
  113  8:57  Pylon  
  113  8:58  Adept x2  
  113  8:59  Adept x2, Disruptor  
  113  9:01  Pylon  
  121  9:03  Pylon  
  121  9:05  Adept x2  
  128  9:19  Stalker x2  
  128  9:20  Stalker x2  
  128  9:22  Pylon  
  136  9:30  Disruptor  
  136  9:34  Dark Shrine  
  139  9:39  Adept x3  
  139  9:40  Adept  
  146  9:48  Pylon x2  
  146  9:52  Stalker x3  
  152  10:01  Disruptor  
  152  10:06  Protoss Ground Weapons Level 2 (Chrono Boost)  
  155  10:11  Photon Cannon  
  155  10:15  Protoss Ground Armor Level 2 (Chrono Boost)  
  155  10:17  Nexus  
  155  10:39  Adept x3  
  155  10:40  Adept x5  
  155  10:41  Disruptor  
  171  10:48  Pylon  
  174  11:07  Dark Templar  
  174  11:09  Dark Templar  
  178  11:11  Adept  
  178  11:12  Adept x5, Warp Prism  
  179  11:39  Stalker x2  
  167  11:40  Adept x4, Stalker  
  167  11:44  Stalker  
  170  11:53  Disruptor  
  170  11:54  Assimilator  
  170  11:55  Gateway  
  170  11:58  Assimilator, Gateway  
  173  12:03  Photon Cannon  
  173  12:05  Photon Cannon  
  170  12:17  Dark Templar x4  
  170  12:22  Adept x2  
  182  12:28  Stalker  
  182  12:29  Disruptor  
  184  12:30  Stalker  
  189  12:43  Stalker x2  
  183  13:02  Adept x5  
  151  13:13  Adept x5  
  149  13:24  Stalker x5  
Show
View Real Time Build Order
Export as new Build Order

INnoVation Terran 

Build Orders: Reaper Expand, MMM Bio 

Get SALT Encoding   

  12  0:00  SCV  
  13  0:12  SCV  
  14  0:17  Supply Depot  
  14  0:25  SCV  
  14  0:28  Refinery  
  15  0:38  SCV  
  16  0:44  Barracks  
  16  0:50  SCV  
  17  1:02  SCV  
  18  1:15  SCV  
  19  1:30  Orbital Command, Reaper  
  20  1:40  Command Center  
  20  1:52  Factory  
  20  1:56  SCV  
  21  2:01  Refinery  
  21  2:05  Barracks Reactor  
  21  2:08  SCV  
  21  2:13  Supply Depot  
  22  2:20  SCV  
  23  2:35  SCV  
  23  2:36  Starport  
  24  2:39  Widow Mine  
  24  2:41  Marine x2  
  28  2:47  SCV  
  29  2:52  Orbital Command  
  29  2:59  Marine x2, SCV  
  32  3:08  Widow Mine  
  32  3:12  Medivac  
  36  3:13  SCV  
  36  3:17  Marine x2  
  36  3:18  SCV  
  40  3:24  Supply Depot  
  40  3:25  SCV  
  41  3:30  Barracks  
  41  3:32  SCV  
  42  3:37  Marine x2, SCV  
  42  3:40  Factory Tech Lab  
  45  3:45  SCV  
  45  3:47  Supply Depot  
  46  3:49  SCV  
  47  3:57  SCV  
  47  3:59  Engineering Bay  
  47  4:00  Siege Tank  
  47  4:01  SCV  
  52  4:04  Marine  
  52  4:05  Marine  
  54  4:11  Supply Depot  
  54  4:14  SCV  
  54  4:15  SCV  
  56  4:22  Barracks Tech Lab  
  54  4:25  Barracks  
  54  4:26  SCV  
  54  4:27  SCV  
  54  4:28  Marine x2  
  58  4:32  Siege Tank  
  58  4:36  Supply Depot  
  61  4:39  SCV x2  
  61  4:41  Stimpack  
  61  4:44  Terran Infantry Weapons Level 1  
  63  4:47  Refinery  
  63  4:51  Refinery  
  63  4:52  SCV x2  
  65  4:57  Marine x2  
  65  4:58  Starport Reactor, Marine  
  67  5:01  Supply Depot  
  67  5:04  SCV  
  67  5:05  SCV  
  69  5:16  Factory Reactor  
  69  5:17  SCV x2  
  69  5:19  Marine  
  69  5:20  Marine, Marauder, Combat Shields  
  77  5:21  Marauder  
  77  5:25  Supply Depot  
  77  5:29  SCV x2  
  77  5:33  Missile Turret x2  
  79  5:39  Marine x2  
  79  5:41  Marauder  
  85  5:42  Marauder  
  85  5:46  Supply Depot  
  83  5:50  Medivac x2  
  83  5:51  Widow Mine  
  83  5:52  Widow Mine  
  83  5:54  Supply Depot  
  91  5:59  Marine x2  
  91  6:02  Supply Depot  
  93  6:07  Liberator  
  93  6:08  SCV, Marauder x2  
  93  6:09  SCV  
  99  6:12  Supply Depot  
  99  6:17  Marine x2  
  101  6:20  Widow Mine x2  
  101  6:24  Medivac  
  110  6:28  Supply Depot  
  110  6:32  Marauder x2  
  114  6:35  Marine x2  
  114  6:39  Concussive Shells  
  116  6:42  Terran Infantry Armor Level 1  
  116  6:51  Command Center  
  116  6:57  Widow Mine x2  
  99  7:04  Marine  
  99  7:05  Marine, Marauder x2  
  91  7:12  SCV x2  
  87  7:22  Viking x2  
  87  7:28  SCV x2  
  85  7:31  Marauder x2  
  85  7:33  Marine x2  
  91  7:40  SCV x2  
  89  7:48  Barracks  
  89  7:50  Barracks  
  89  7:52  SCV  
  89  7:53  Marauder x2, Marine, SCV  
  89  7:55  Marine  
  89  7:58  Medivac  
  99  8:03  Viking  
  101  8:07  SCV x2  
  103  8:15  Marauder  
  103  8:16  Marauder  
  103  8:17  Marine x2  
  105  8:21  SCV x2  
  106  8:30  Viking  
  106  8:33  Viking, SCV x2  
  112  8:36  Armory, Engineering Bay  
  112  8:39  Barracks Tech Lab  
  112  8:41  Marauder x2  
  116  8:42  Marine x3  
  116  8:45  Marine  
  116  8:46  SCV  
  116  8:47  SCV  
  122  8:50  Orbital Command  
  122  8:59  SCV  
  122  9:00  SCV  
  122  9:01  Viking  
  124  9:03  Viking, Marauder x2  
  124  9:05  Marauder  
  124  9:08  Marine  
  124  9:09  Marine x3  
  136  9:14  Supply Depot x2  
  136  9:21  Refinery  
  136  9:22  Refinery, Terran Infantry Weapons Level 2, Terran Infantry Armor Level 2  
  136  9:24  Terran Ship Weapons Level 1  
  136  9:30  Starport  
  136  9:31  Marauder x3  
  142  9:33  Factory Reactor  
  142  9:34  Marine x4  
  146  9:42  Supply Depot  
  146  9:43  Supply Depot  
  146  9:46  Viking x2  
  150  9:54  Supply Depot  
  150  9:56  Marauder  
  150  9:57  Marine x3, Marauder x2  
  158  10:00  Liberator x2, Marine  
  159  10:15  Viking  
  159  10:16  Viking  
  169  10:24  Marauder x2  
  169  10:25  Marauder  
  169  10:28  Marine, Supply Depot  
  175  10:29  Marine  
  175  10:30  Marine  
  175  10:32  Marine  
  179  10:41  Liberator, Supply Depot  
  179  10:49  Marine x3, Marauder x2  
  186  10:50  Marine, Marauder  
  186  10:51  Liberator x2  
  186  10:56  Viking  
  199  11:19  Command Center  
  185  11:34  Marauder x3  
  185  11:36  Marine  
  185  11:37  Marine x2  
  185  11:38  Liberator x2  
  185  11:39  Medivac  
  184  11:41  Medivac  
  183  11:49  Marine  
  184  11:54  Marine  
  184  11:57  Missile Turret  
  191  12:06  Liberator x2  
  185  12:32  Planetary Fortress  
  185  12:36  Marauder x2  
  189  12:39  Marauder  
  174  12:57  Marine x3, Marauder  
  174  12:58  Marauder  
  141  13:06  SCV  
  141  13:07  SCV x2  
  141  13:09  Medivac x2  
  97  13:18  SCV  
  81  13:22  SCV  

Tags
 
Add a new tag
Caveats
  • Supply blocks, unpowered buildings, or Contaminate may cause inaccurate times.
  • Supply counts are checked every 10 seconds.